 Dungeon Crawl Stone Soup version 0.27-a0-1280-g9d2d252d84 (webtiles) character file.

Game seed: 1200116122291603440

2282 Johnny the Thaumaturge (level 9, -1/57 HPs)
             Began as a Deep Elf Earth Elementalist on June 13, 2021.
             Was an Initiate of Dithmenos.
             Slain by Maggie (15 damage)
             ... on level 7 of the Dungeon.
             The game lasted 00:07:34 (7350 turns).

Johnny the Thaumaturge (DEEE)                       Turns: 7350, Time: 00:07:34

Health: -1/57      AC:  6    Str:  5    XL:     9   Next: 16%
Magic:  23/23      EV: 12    Int: 24    God:    Dithmenos [......]
Gold:   289        SH:  0    Dex: 15    Spells: 10/25 levels left

rFire    . . .     SeeInvis .   o - +2 short sword (protect)
rCold    . . .     Faith    .   (no shield)
rNeg     . . .     Spirit   .   c - +0 robe
rPois    .         Reflect  .   (no helmet)
rElec    .         Harm     .   q - +2 cloak
rCorr    +         Rampage  .   v - +0 pair of gloves
Will     .....                  (no boots)
Stlth    ++........             y - amulet of magic regeneration
HPRegen  0.19/turn              e - ring of wizardry
MPRegen  0.43/turn              u - ring of resist corrosion

@: no status effects
A: no striking features
a: Renounce Religion


You were on level 7 of the Dungeon.
You worshipped Dithmenos.
Dithmenos was noncommittal.
You visited 2 branches of the dungeon, and saw 8 of its levels.

You collected 289 gold pieces.

Inventory:

Hand Weapons
 o - a +2 short sword of protection (weapon)
 x - a +0 hand axe of electrocution
Missiles
 b - 80 stones
Armour
 c - a +0 robe (worn)
 m - a +0 kite shield
 q - a +2 cloak (worn)
 v - a +0 pair of gloves (worn)
Jewellery
 e - a ring of wizardry (left hand)
 u - a ring of resist corrosion (right hand)
 y - an amulet of magic regeneration (around neck)
 I - an amulet of faith
Wands
 w - a wand of acid (7)
 F - a wand of charming (10)
Scrolls
 d - 3 scrolls of identify {unknown}
 f - a scroll of holy word {unknown}
 g - 2 scrolls of teleportation {unknown}
 h - 2 scrolls of amnesia {unknown}
 j - a scroll of summoning
 k - a scroll of enchant armour {unknown}
 l - 2 scrolls of vulnerability {unknown}
 p - 2 scrolls of immolation {unknown}
 s - 3 scrolls of fog {unknown}
 t - 2 scrolls of torment {unknown}
 C - 2 scrolls of blinking {unknown}
 D - a scroll of enchant weapon {unknown}
 J - 2 scrolls of magic mapping {unknown}
 K - a scroll of noise {unknown}
Potions
 n - 2 potions of curing
 A - 2 potions of flight
 E - a potion of degeneration {unknown}
 G - a potion of mutation {unknown}
 H - a potion of heal wounds {unknown}


   Skills:
 * Level 7.2 Fighting
 - Level 2.4 Dodging
 - Level 2.4 Stealth
 + Level 8.5 Spellcasting
 - Level 1.1 Transmutations
 + Level 7.4 Earth Magic


You had 10 spell levels left.
You knew the following spells:

 Your Spells              Type           Power      Damage    Failure   Level
a - Sandblast             Erth           92%        2d19      1%          1
b - Stone Arrow           Conj/Erth      56%        3d10      1%          3
c - Lee's Rapid Deconstr  Erth           23%        3d14*     3%          5
d - Petrify               Tmut/Erth      30%        N/A       4%          4
e - Blink                 Tloc           N/A        N/A       4%          2

Your spell library contained the following spells:

 Spells                   Type           Power      Damage    Failure   Level
 Passwall                 Tmut/Erth      25%        N/A       1%          2
 Magic Dart               Conj           40%        1d5       2%          1
 Call Imp                 Summ           10%        N/A       4%          2
 Slow                     Hex            10%        N/A       4%          2
 Conjure Flame            Conj/Fire      10%        6-21      8%          3
 Mephitic Cloud           Conj/Pois/Air  10%        N/A       8%          3


Dungeon Overview and Level Annotations

Branches:
Dungeon (7/15)             Temple (1/1) D:4

Altars:
Ashenzari
Cheibriados
Dithmenos
Elyvilon
Fedhas
Hepliaklqana
Kikubaaqudgha
Makhleb
Nemelex Xobeh
Okawaru
Qazlal
Ru
Sif Muna
Trog
Uskayaw
Vehumet
Wu Jian
Xom
Yredelemnul
The Shining One

Annotations:
D:7 Maggie


Message History

Maggie gestures wildly while chanting.
Maggie attempts to bespell you!
You are mesmerised by Maggie!
Your iguana bites Maggie but does no damage.
Your iguana completely misses Maggie.
You fade into invisibility!
Maggie hits you from afar with a +3 glaive.
* * * LOW HITPOINT WARNING * * *
Your iguana bites Maggie!
Your iguana bites Maggie.
You are very lightly contaminated with residual magic.
It was a potion of flight.
You feel very buoyant.
You fly up into the air.
Maggie misses you.
Your iguana closely misses Maggie.
Your iguana bites Maggie!
It was a potion of brilliance.
You feel clever all of a sudden. Maggie barely misses you.
Your iguana bites Maggie!
Your iguana barely misses Maggie.
It was a potion of ambrosia.
You are confused.
You feel invigorated. Maggie closely misses you.
Your iguana barely misses Maggie.
Your iguana closely misses Maggie.
Okay, then.
Maggie hits you from afar with a +3 glaive!
* * * LOW HITPOINT WARNING * * *
Your iguana closely misses Maggie.
Your iguana barely misses Maggie.
It was a potion of might.
You feel very mighty all of a sudden. Maggie closely misses you.
Your iguana closely misses Maggie.
Your iguana bites Maggie!
It was a potion of cancellation.
Your magical effects are unravelling.
You feel magically purged.
Your magical contamination has completely faded away.
You feel less invigorated.
You float gracefully downwards.
You flicker back into view.
You feel less confused.
You break out of your daze.
You feel a little less mighty now.
You feel a little less clever now.
Maggie hits you from afar with a +3 glaive!
You die...

######## .......#
.#####.# ####### .#
.###.....#######
.#####.(##.##.##@ll§§#
......#.##.#.###≈#@#≈#
.####.#.##..## ###.###
.# ##.#.##.#####...#
.###........[.###.##
...........##.##.##
.######.#.#.#.#.## ##
#.#.##...## #.#[###.##


You could see Maggie (ally target) and 2 friendly iguanas.

Vanquished Creatures
  Grinder (D:6)
  Edmund (D:4)
  An orc warrior (D:4)
  A black bear (D:5)
  An ice beast (D:6)
  A sky beast (D:5)
  A centaur (D:6)
  2 phantoms
  A bullfrog (D:7)
  A scorpion (D:6)
  A wyvern zombie (D:7)
  6 killer bees (D:7)
  A howler monkey (D:6)
  3 bullfrog zombies
  A hound (D:4)
  5 orc priests
  A centaur skeleton (D:7)
  7 iguanas
  6 orc wizards
  A hound skeleton (D:4)
  3 gnolls (D:5)
  A howler monkey skeleton (D:7)
  5 adders
  A shadow imp (D:6)
  A white imp (D:7)
  2 worms (D:2)
  5 dart slugs
  17 orcs
  6 bats
  9 endoplasms
  7 giant cockroaches
  9 goblins
  11 hobgoblins
  8 jackals
  4 quokkas
  4 ball pythons
  3 frilled lizards
  5 kobolds
  9 rats
153 creatures vanquished.

Notes
Turn   | Place    | Note
-------+----------+-------------------------------------------
     0 | D:1      | Johnny the Deep Elf Earth Elementalist began the quest for
                  | the Orb.
     0 | D:1      | Reached XP level 1. HP: 10/10 MP: 6/6
   286 | D:1      | Reached XP level 2. HP: 16/16 MP: 6/8
   336 | D:1      | Reached skill level 1 in Fighting
   677 | D:1      | Found a faded altar of an unknown god.
  1058 | D:2      | Reached XP level 3. HP: 20/20 MP: 7/10
  2172 | D:2      | Reached XP level 4. HP: 26/26 MP: 11/11
  2482 | D:3      | Reached skill level 4 in Spellcasting
  3033 | D:4      | Noticed an orc warrior
  3050 | D:3      | Learned a level 3 spell: Stone Arrow
  3346 | D:4      | Reached XP level 5. HP: 31/31 MP: 13/13
  3554 | D:4      | Found a staircase to the Ecumenical Temple.
  3596 | Temple   | Entered the Ecumenical Temple
  3734 | D:4      | Noticed a phantom
  3740 | D:4      | Killed a phantom
  3741 | D:4      | Reached XP level 6. HP: 37/37 MP: 0/15
  3874 | D:4      | Killed an orc warrior
  3875 | D:4      | Reached skill level 5 in Spellcasting
  4115 | D:4      | Reached skill level 5 in Earth Magic
  4193 | D:4      | Noticed Edmund
  4204 | D:4      | Killed Edmund
  4205 | D:4      | Reached XP level 7. HP: 12/44 MP: 11/17
  5060 | D:5      | Entered Level 5 of the Dungeon
  5068 | D:5      | Reached skill level 6 in Spellcasting
  5377 | D:5      | Reached skill level 5 in Fighting
  5842 | D:5      | Identified the +2 falchion "Fesete" {antimagic, rF- rCorr
                  | Str+2 Stlth+}
  5972 | D:6      | Noticed Grinder
  5985 | D:6      | Killed Grinder
  5986 | D:6      | Reached XP level 8. HP: 42/50 MP: 7/20
  5995 | D:6      | Reached skill level 7 in Spellcasting
  6044 | D:6      | Learned a level 5 spell: Lee's Rapid Deconstruction
  6049 | D:6      | Learned a level 4 spell: Petrify
  6052 | D:6      | Learned a level 2 spell: Blink
  6732 | D:7      | Reached skill level 8 in Spellcasting
  6823 | D:7      | Reached XP level 9. HP: 28/56 MP: 18/23
  7097 | D:7      | Noticed Maggie
  7240 | D:7      | Found a basalt altar of Yredelemnul.
  7240 | D:7      | Found a shadowy altar of Dithmenos.
  7336 | D:7      | Became a worshipper of Dithmenos the Shadowed
  7342 | D:7      | HP: 2/57 [Maggie (6)]
  7350 | D:7      | Slain by Maggie

Illustrated notes

Levels and vault maps discovered:
D:1:      dpeg_arrival_orchard, layout_loops_ring,
          hellmonk_ecumenical_altar_lost_god, hangedman_abyss_or_decor_stabs,
          palyth_stone_intersect, minmay_hexomino_c4
D:2:      minmay_recursive_quarters, layout_loops_ring, hangedman_decor_points
D:3:      layout_rooms
D:4:      layout_loops_ring, temple_statues, uniq_edmund
D:5:      wander_river, layout_loops_cross
D:6:      layout_loops_ring, mrwooster_statue_mirror, kennysheep_generic_room_3,
          uniq_grinder
D:7:      layout_loops_ring, grunt_temple_overflow_gold_and_silver,
          gammafunk_temple_overflow_elements, uniq_maggie
Temple:   compressed_dpeg_circular_temple

Skill      XL: |  1  2  3  4  5  6  7  8  9 |
---------------+----------------------------+-----
Fighting       | 1 2 3 4 5 6 7 |  7.2
Spellcasting   | 4 5 6 8 |  8.5
Earth Magic    | 4 5 6 7 |  7.4
Dodging        | |  2.4
Stealth        | |  2.4
Transmutations | |  1.1

Action                   |  1- 3 |  4- 6 |  7- 9 || total
-------------------------+-------+-------+-------++-------
Melee: Unarmed           |    38 |       |       ||    38
       Short sword       |     2 |    99 |    30 ||   131
 Cast: Sandblast         |    65 |    38 |    71 ||   174
       Stone Arrow       |       |     9 |    35 ||    44
       Lee's Rapid Decon |       |       |     8 ||     8
Evoke: Wand              |       |     4 |       ||     4
  Use: Potion            |       |     1 |     8 ||     9
       Scroll            |       |       |     1 ||     1
 Stab: Sleeping          |     2 |     2 |       ||     4
Armor: Robe              |    15 |    58 |    39 ||   112
Dodge: Dodged            |    58 |    84 |    60 ||   202

Table legend: (Time is in decaauts)
 A = Elapsed time spent in this place.
 B = Non-inter-level travel time spent in this place.
 C = Inter-level travel time spent in this place.
 D = Time resting spent in this place.
 E = Time spent auto-exploring this place.
 F = Levels seen in this place.
 G = Mean time per level.
                   A        B        C        D        E       F      G
               +--------+--------+--------+--------+--------+-----+--------+
         Total |   7372 |   7117 |    255 |   1125 |   4892 |   8 |  921.5 |
       Dungeon |   7242 |   7024 |    218 |   1125 |   4800 |   7 | 1034.6 |
        Temple |    130 |     93 |     37 |      0 |     92 |   1 |  130.0 |
               +--------+--------+--------+--------+--------+-----+--------+

Top non-repeatable levels by time:
     D:4: 1420 daAuts
     D:2: 1353 daAuts
     D:6: 1209 daAuts
     D:3: 1158 daAuts
     D:1: 1008 daAuts
     D:5: 804 daAuts
     D:7: 287 daAuts
  Temple: 130 daAuts
